 Dungeon Crawl Stone Soup version 0.31-a0-1005-gfbdfbacc72 (webtiles) character file.

Game seed: 7577590315593617325

26818 kae the Jinx (level 13, -7/90 HPs)
             Began as a Demonspawn Enchanter on Nov 9, 2023.
             Was a High Priest of Dithmenos.
             Mangled by a death yak (17 damage)
             ... on level 2 of the Lair of Beasts on Nov 10, 2023.
             The game lasted 00:20:57 (15197 turns).

kae the Jinx (Demonspawn Enchanter)                Turns: 15197, Time: 00:20:58

Health: -7/90      AC: 10    Str: 12    XL:     13   Next: 1%
Magic:  0/24       EV: 14    Int: 17    God:    Dithmenos [*****.]
Gold:   1134       SH:  0    Dex: 15    Spells: 6/26 levels left

rFire   . . .        m - +4 dagger (venom)
rCold   . . .        (no shield)
rNeg    . . .        J - +0 steam dragon scales
rPois   +            (helmet restricted)
rElec   .            (no cloak)
rCorr   +            (no gloves)
SInv    .            e - +2 pair of boots
Will    .....        (no amulet)
Stlth   +++++++      P - ring of poison resistance
HPRegen 0.35/turn    R - ring of resist corrosion
MPRegen 0.38/turn

%: guardian spirit
@: wreathed by umbra
A: horns 1, magic shield, magic regeneration, sharp scales 2, demonic magic 2
a: Renounce Religion, Shadow Step, Shadow Form


You were on level 2 of the Lair of Beasts.
You worshipped Dithmenos.
Dithmenos was extremely pleased with you.
You visited 3 branches of the dungeon, and saw 14 of its levels.
You also visited: Bailey.

You collected 1534 gold pieces.
You spent 400 gold pieces at shops.


Innate Abilities, Weirdness & Mutations

You have a pair of small horns on your head.
When hurt, damage is shared between your health and your magic reserves.
You regenerate magic rapidly.
You are mostly covered in razor-sharp scales. (AC +2, Slay +2)
Spells you cast may paralyse nearby enemies.


   Skills:
 + Level 4.8 Fighting
 * Level 10.6 Short Blades
 + Level 4.6 Dodging
 + Level 8.8 Stealth
 + Level 7.3 Spellcasting
 * Level 11.9 Hexes
 - Level 5.6 Ice Magic
 + Level 6.1 Invocations


You had 6 spell levels left.
You knew the following spells:

 Your Spells              Type           Power      Damage    Failure   Level
a - Ensorcelled Hibernat  Hex/Ice        72%        N/A       1%          2
b - Confusing Touch       Hex            46%        N/A       1%          3
c - Tukima's Dance        Hex            46%        N/A       1%          3
d - Dazzling Flash        Conj/Hex       52%        N/A       3%          3
e - Enfeeble              Hex            23%        N/A       58%         7
f - Blink                 Tloc           12%        N/A       17%         2

Your spell library contained the following spells:

 Spells                   Type           Power      Damage    Failure   Level
 Inner Flame              Hex/Fire       26%        N/A       3%          3
 Hailstorm                Conj/Ice       15%        3d5       11%         3
 Sublimation of Blood     Necr           6%         N/A       17%         2
 Yara's Violent Unravell  Hex/Tmut       13%        3d7       26%         5
 Volatile Blastmotes      Fire/Tloc      12%        2d11      32%         3
 Summon Ice Beast         Ice/Summ       15%        N/A       34%         4
 Manifold Assault         Tloc           6%         N/A       73%         4
 Petrify                  Tmut/Erth      6%         N/A       73%         4
 Vhi's Electric Charge    Tloc/Air       12%        N/A       73%         4
 Arcjolt                  Conj/Air       3%         1d13      97%         5
 Irradiate                Conj/Tmut      3%         3d12      97%         5
 Simulacrum               Ice/Necr       7%         N/A       99%         6
 Plasma Beam              Fire/Air       3%         2x1d13    100%        6
 Starburst                Conj/Fire      3%         6d3       100%        6
 Maxwell's Capacitive Co  Air            3%         ∞         100%        8

Inventory:

Hand Weapons
 a - a +1 dagger
 m - a +4 dagger of venom (weapon)
   (You took it off an orc on level 4 of the Dungeon)
Missiles
 i - 131 stones
 w - 9 curare-tipped darts {=f}
 x - 8 javelins
 A - 34 poisoned darts
 B - 9 boomerangs
Armour
 b - a +0 robe
 e - a +2 pair of boots (worn)
   (You found it on level 1 of the Dungeon)
 J - +0 steam dragon scales (worn)
   (You found it on level 10 of the Dungeon)
Magical Staves
 d - a staff of cold {!a}
   (You found it on level 1 of the Dungeon)
 h - a staff of fire {!a}
   (You found it on level 2 of the Dungeon)
Jewellery
 C - a ring of protection from cold
   (You found it on level 3 of the Dungeon)
 D - a +6 ring of dexterity
   (You found it on level 11 of the Dungeon)
 L - a ring of flight
   (You found it on level 11 of the Dungeon)
 P - a ring of poison resistance (left hand)
   (You found it on level 1 of the Dungeon)
 R - a ring of resist corrosion (right hand)
   (You found it on level 3 of the Dungeon)
Wands
 u - a wand of mindburst (22)
   (You found it on level 6 of the Dungeon)
 E - a wand of iceblast (20)
   (You found it on level 8 of the Dungeon)
 K - a wand of digging (6)
   (You found it on level 10 of the Dungeon)
 M - a wand of flame (12)
   (You found it on level 11 of the Dungeon)
Scrolls
 g - 2 scrolls of teleportation {@r4}
 s - a scroll of amnesia
 t - 3 scrolls of vulnerability {!r!r}
 v - 2 scrolls of blinking {!r}
 y - 4 scrolls of fog
 z - a scroll of immolation {!r!r}
 G - a scroll of poison
 I - 4 scrolls of identify {@r1}
Potions
 c - a potion of invisibility
 f - 3 potions of brilliance
 j - 4 potions of curing {@q1}
 k - a potion of resistance
 l - 2 potions of ambrosia
 n - 2 potions of heal wounds {@q2}
 o - a potion of might
 p - a potion of mutation {!q}
 q - 3 potions of lignification {!q}
 r - a potion of berserk rage {!q}
 F - 2 potions of enlightenment
 H - 2 potions of attraction {!q}
 N - a potion of magic

Dungeon Overview and Level Annotations

Branches:
Dungeon (11/15) Zot: 25445  Temple (1/1) D:4 Zot: 5971    Lair (2/5) D:9 Zot: 9123
    Orc (0/2) D:11         Bailey (visited)
  Swamp: Lair:2-3    Shoals: Lair:2-3     Snake: Lair:2-3    Spider: Lair:2-3

Altars:
Ashenzari
Cheibriados
Dithmenos
Fedhas
Gozag
Hepliaklqana
Kikubaaqudgha
Makhleb
Nemelex Xobeh
Okawaru
Qazlal
Ru
Sif Muna
Trog
Uskayaw
Vehumet
Wu Jian
Xom
Yredelemnul

Shops:
D:4 !   D:6 ?   D:10 *

Annotations:
D:11 3 runed translucent doors, morax's ghost, journeyman GrFi

.......### .
.P.#.#...##..#
...#.....##..#
.....##..##..#
#.††##......#
##..#.......##
##.#..##.##..# ###
..#..#.......###P###
###............Y@..##
###........#..###...#
#.....⌠.⌠.#.....#.##
...#....)..#..#..%##
.......<...#.......#
...#..........###..#
..#..⌠.⌠......##..#
........#...#....#
#...........#.#...###


You could see a death yak (confused, extremely poisoned).


Message History

You hit the death yak but do no damage. Your headbutt misses the death yak.
Your shadow hits the death yak with a dagger.
Unknown command.
You hit the death yak but do no damage.
You headbutt the death yak, but do no damage.
The death yak gores you but does no damage. 😕 HP[+1]
You hit the death yak but do no damage. You headbutt the death yak.
Your shadow hits the death yak but does no damage.
You hit the death yak but do no damage. The death yak gores you! 😕 HP[-6]
You take 6 damage, and now have 68/85 hp.
You hit the death yak but do no damage.
You headbutt the death yak, but do no damage.
Your shadow hits the death yak but does no damage.
You barely miss the death yak.
You headbutt the death yak, but do no damage.
The death yak completely misses you.
You hit the death yak but do no damage.
You headbutt the death yak, but do no damage.
You hit the death yak but do no damage.
You headbutt the death yak, but do no damage.
You punch the death yak, but do no damage.
The death yak gores you! 😮 HP[-9] MP[-2]
You take 9 damage, and now have 59/85 hp.
You lost 2 mp, and now have 15/22 mp.
You hit the death yak but do no damage.
You headbutt the death yak, but do no damage.
You hit the death yak but do no damage.
The death yak closely misses you. 😮 MP[+1]
You hit the death yak but do no damage. You hit the death yak but do no damage.
The death yak gores you!!
* * * LOW HITPOINT WARNING * * *
😨 HP[-19] MP[-5]
You take 19 damage, and now have 40/85 hp.
MASSIVE DAMAGE!! (PAUSE)
You lost 5 mp, and now have 11/22 mp.
You hit the death yak but do no damage.
You headbutt the death yak, but do no damage.
You barely miss the death yak. The death yak gores you!
* * * LOW HITPOINT WARNING * * *
Unknown command. 😨 HP[-10] MP[-3]
You take 10 damage, and now have 30/85 hp.
You lost 3 mp, and now have 8/22 mp.
You hit the death yak but do no damage.
Your shadow hits the death yak but does no damage.
You hit the death yak but do no damage.
The death yak appears confused.
You headbutt the death yak.
Your shadow hits the death yak but does no damage.
The death yak gores the bush!! 😨 MP[+1] Unknown command.
You hit the death yak.
The death yak is poisoned.
You headbutt the death yak. You hit the death yak.
The death yak looks as sick as possible!
You headbutt the death yak, but do no damage.
The death yak gores the bush but does no damage.
You catch the helpless death yak completely off-guard!
You impale the death yak!!
You catch the helpless death yak completely off-guard!
You perforate the death yak like a sieve!!!
You kill the death yak!
Dithmenos accepts your kill.
You have reached level 13! 😨 HP[+2]
You now have 90 max hp (+5).
You regained 2 hp, and now have 32/90 hp.
Casting: Confusing Touch (safe; 1% risk of failure)
Confirm with . or Enter, or press ? or * to list all spells.
Your hands begin to glow red.
Malevolent energies surge around you.
The death yak completely misses you. 😨 HP[+1] MP[-2]
You lost 2 mp, and now have 7/24 mp.
You hit the death yak but do no damage.
You headbutt the death yak, but do no damage.
Your shadow hits the death yak but does no damage.
The death yak gores you!
* * * LOW HITPOINT WARNING * * *
😨 HP[-10] MP[-3]
You take 10 damage, and now have 23/90 hp.
You lost 3 mp, and now have 4/24 mp.
You hit the death yak but do no damage.
The death yak appears confused. 😨 HP[+1] MP[+1] Unknown command.
You catch the helpless death yak completely off-guard!
You spit the death yak like a pig!!!
The death yak looks as sick as possible!
Your shadow hits the death yak but does no damage.
The death yak gores you!
* * * LOW HITPOINT WARNING * * *
😱 HP[-14] MP[-3]
You take 14 damage, and now have 10/90 hp.
You lost 3 mp, and now have 2/24 mp.
Unknown command.
You hit the death yak but do no damage.
The death yak looks as sick as possible!
You barely miss the death yak. The death yak gores you!!
You die...

Skill      XL: |  1  2  3  4  5  6  7  8  9 10 11 12 |
---------------+-------------------------------------+-----
Short Blades   | 1 2 3 4 6 7 8 9 10 | 10.6
Stealth        | 3 4 5 6 7 8 |  8.8
Hexes          | 4 5 6 7 8 9 10 11 | 11.9
Ice Magic      | 1 2 3 4 5 |  5.6
Spellcasting   | 3 4 5 6 7 |  7.3
Dodging        | 3 4 |  4.6
Invocations    | 4 6 |  6.1
Fighting       | 3 4 |  4.8

Action                     |  1- 3 |  4- 6 |  7- 9 | 10-12 | 13-15 || total
---------------------------+-------+-------+-------+-------+-------++-------
  Melee: Dagger            |   140 |   153 |   200 |   601 |     5 ||  1099
         Punch             |     1 |     3 |       |     8 |       ||    12
         Headbutt          |       |     8 |    45 |   134 |     1 ||   188
   Cast: Ensorcelled Hiber |    11 |    29 |    44 |   146 |       ||   230
         Confusing Touch   |       |       |    10 |    12 |     1 ||    23
         Dazzling Flash    |       |       |       |     3 |       ||     3
  Evoke: Wand              |       |       |       |     6 |       ||     6
    Use: Scroll            |     2 |     6 |     8 |    13 |       ||    29
         Potion            |       |     2 |       |     2 |       ||     4
   Stab: Sleeping          |    15 |    19 |    43 |    71 |       ||   148
         Paralysed         |     7 |    10 |    20 |    52 |       ||    89
         Invisible         |       |     2 |       |    10 |       ||    12
         Confused          |       |       |     8 |     7 |     1 ||    16
         Distracted        |       |       |       |     1 |       ||     1
 Armour: Robe              |    61 |   103 |    93 |   106 |       ||   363
         Steam dragon scal |       |       |       |   192 |     3 ||   195
  Dodge: Dodged            |    78 |    88 |   101 |   312 |     1 ||   580

Levels and vault maps discovered:
D:1:      minmay_arrival_arboretum_small, layout_loops_ring,
          minmay_misc_feat_ornament, nicolae_titane
D:2:      layout_rooms, serial_undead, serial_undead_f, serial_undead_c,
          serial_undead_b, serial_undead_c, serial_undead_c
D:3:      layout_basic, minmay_bisected, uniq_jessica
D:4:      layout_basic, minmay_temple_entry_ruins, serial_shops, shop_statue,
          dk_noncrumbling_3, serial_park_tiny_2
D:5:      layout_basic, lemuel_crystal_altar, uniq_blork_the_orc, uniq_grinder
D:6:      layout_basic, serial_aquarium, aquarium_bridge_long_separate
          [aquarium_subvault_bridge, aquarium_subvault_window,
          aquarium_subvault_wall, aquarium_subvault_balcony,
          aquarium_subvault_bridge, aquarium_subvault_window],
          aquarium_bridge_straight [aquarium_subvault_bridge,
          aquarium_subvault_window, aquarium_subvault_bridge,
          aquarium_subvault_window], aquarium_window_corridor_3,
          aquarium_window_2, aquarium_window_1, aquarium_view_2c,
          aquarium_balcony_5b, serial_shops, shop
D:7:      layout_loops_ring, chequers_temple_overflow_minitemple,
          nemelex_xobeh_ov_fountains_minmay, eat_drink_and_be_merry_uskayaw,
          nicolae_wu_jian_immortal_techniques
D:8:      layout_rooms, lightli_bailey_entry_fortress
D:9:      layout_gridville, erik_lair_island
D:10:     layout_basic, nicolae_elemental_shop, minmay_crystal_water, uniq_urug
D:11:     layout_irregular_city, kennysheep_orc_monster_closet_entryway,
          ebering_ghost_gozag, uniq_erica, uniq_amaemon
Temple:   hellmonk_temple_two_chambers
Lair:1:   lemuel_reptile_caves, layout_regular_city,
          chequers_serial_rivers_micro_e
Lair:2:   layout_loops_ring, minmay_swamp_entry_swarm,
          nicolae_lair_grazing_beasts [nicolae_sub_lair_graze_edge,
          nicolae_sub_lair_graze_edge, nicolae_sub_lair_graze_edge,
          nicolae_sub_lair_graze_edge], grunt_megastairs_2, serial_bayou_shore_b

Notes
Turn   | Place    | Note
-------+----------+-------------------------------------------
     0 | D:1      | kae the Demonspawn Enchanter began the quest for the Orb.
     0 | D:1      | Reached XP level 1. HP: 13/13 MP: 3/3
     0 | D:1      | magus.rc [v1.11.3]
    33 | D:1      | Reached skill level 1 in Short Blades
    36 | D:1      | HP: 2/13 [kobold/+0 dagger (3)]
   101 | D:1      | HP: 3/13 [ball python (2)]
   180 | D:1      | Gained mutation: Spells you cast may paralyse adjacent
                  | enemies. [demonic ancestry]
   180 | D:1      | Reached XP level 2. HP: 9/19 MP: 5/5
   183 | D:1      | Learned a level 2 spell: Ensorcelled Hibernation
   464 | D:1      | Reached skill level 3 in Stealth
   710 | D:1      | Reached XP level 3. HP: 10/24 MP: 3/6
  1030 | D:2      | Reached skill level 2 in Short Blades
  1206 | D:2      | Upgraded the game from 0.31-a0-1002-g8e65716e6e to
                  | 0.31-a0-1005-gfbdfbacc72
  1206 | D:2      | magus.rc [v1.11.3]
  1298 | D:2      | Gained mutation: You regenerate magic rapidly. [demonic
                  | ancestry]
  1298 | D:2      | Reached XP level 4. HP: 30/30 MP: 4/7
  1441 | D:2      | You pick up a book of Spectacle and begin reading...
  1441 | D:2      | You add the spells Volatile Blastmotes, Starburst and
                  | Maxwell's Capacitive Coupling to your library.
  1636 | D:3      | Identified a scroll of acquirement
  1636 | D:3      | Identified the "Safosch" (You acquired it on level 3 of
                  | the Dungeon)
  1636 | D:3      | Acquired 687 gold pieces
  1751 | D:3      | HP: 7/30 [sleepcap (11)]
  1759 | D:3      | Reached skill level 4 in Hexes
  1881 | D:3      | Learned a level 3 spell: Confusing Touch
  2036 | D:3      | Gained mutation: You have a pair of small horns on your
                  | head. [demonic ancestry]
  2036 | D:3      | Reached XP level 5. HP: 32/35 MP: 4/8
  2338 | D:3      | Noticed Jessica
  2347 | D:3      | Killed Jessica
  2348 | D:3      | Reached skill level 1 in Ice Magic
  2592 | D:4      | You pick up a book of Alchemy and begin reading...
  2592 | D:4      | You add the spells Sublimation of Blood, Petrify and
                  | Irradiate to your library.
  2597 | D:4      | Found Biseil's Distillery.
  2697 | D:4      | Reached skill level 3 in Short Blades
  2718 | D:4      | Bought a potion of heal wounds for 65 gold pieces
  2718 | D:4      | Bought a potion of degeneration for 13 gold pieces
  2718 | D:4      | Bought a potion of mutation for 104 gold pieces
  2718 | D:4      | Bought a potion of lignification for 39 gold pieces
  2718 | D:4      | Bought a potion of berserk rage for 65 gold pieces
  2959 | D:3      | Reached XP level 6. HP: 26/41 MP: 5/9
  3025 | D:4      | HP: 8/41 [orc priest/+0 hand axe (4)]
  3224 | D:4      | Reached skill level 5 in Hexes
  3249 | D:4      | Reached skill level 4 in Stealth
  3249 | D:4      | Reached skill level 2 in Ice Magic
  3501 | D:4      | Reached skill level 4 in Short Blades
  3501 | D:4      | Gained mutation: Spells you cast may paralyse nearby
                  | enemies. [demonic ancestry]
  3501 | D:4      | Reached XP level 7. HP: 46/46 MP: 10/10
  3553 | D:4      | Found a staircase to the Ecumenical Temple.
  3604 | Temple   | Entered the Ecumenical Temple
  3626 | Temple   | Became a worshipper of Dithmenos the Shadowed
  3975 | D:4      | You fall into a shaft and drop 3 floors!
  3982 | D:7      | You add the spells Blink and Manifold Assault to your
                  | library.
  4091 | D:6      | Found Ruva's Magic Scroll Boutique.
  4099 | D:6      | Bought a scroll of blinking for 90 gold pieces
  4099 | D:6      | Bought a scroll of identify for 24 gold pieces
  4203 | D:5      | Entered Level 5 of the Dungeon
  4348 | D:5      | Noticed Blork the orc
  4372 | D:5      | Killed Blork the orc
  4614 | D:5      | Found a radiant altar of Vehumet.
  4844 | D:5      | Reached skill level 6 in Hexes
  4885 | D:5      | Reached XP level 8. HP: 52/52 MP: 8/12
  5138 | D:5      | Reached skill level 5 in Short Blades
  5368 | D:5      | Reached skill level 3 in Spellcasting
  5368 | D:5      | Reached skill level 3 in Ice Magic
  5424 | D:5      | Noticed Grinder
  5432 | D:5      | Killed Grinder
  5433 | D:5      | Reached skill level 5 in Stealth
  5576 | D:6      | Reached skill level 7 in Hexes
  5590 | D:6      | Reached * piety under Dithmenos
  5760 | D:6      | Reached skill level 6 in Short Blades
  5760 | D:6      | Gained mutation: You are partially covered in razor-sharp
                  | scales. (AC +1, Slay +1) [demonic ancestry]
  5760 | D:6      | Reached XP level 9. HP: 57/57 MP: 11/14
  6088 | D:7      | Learned a level 3 spell: Tukima's Dance
  6092 | D:7      | Learned a level 3 spell: Dazzling Flash
  6266 | D:7      | Found a hide-covered altar of Uskayaw.
  6422 | D:7      | Found an ornate altar of the Wu Jian Council.
  6426 | D:7      | Reached skill level 4 in Spellcasting
  6515 | D:7      | Found a sparkling altar of Nemelex Xobeh.
  6555 | D:7      | Reached skill level 4 in Ice Magic
  6638 | D:7      | Found a blossoming altar of Fedhas.
  6655 | D:7      | Found a faded altar of an unknown god.
  6658 | D:7      | Found a hazy altar of Hepliaklqana.
  6660 | D:7      | Found a faded altar of an unknown god.
  6992 | D:8      | Found a flagged portal.
  7076 | Bailey   | Entered a bailey
  7193 | Bailey   | Reached skill level 8 in Hexes
  7241 | Bailey   | Reached skill level 6 in Stealth
  7242 | Bailey   | Reached ** piety under Dithmenos
  7246 | Bailey   | Reached skill level 7 in Short Blades
  7393 | Bailey   | Gained mutation: When hurt, damage is shared between your
                  | health and your magic reserves. [demonic ancestry]
  7393 | Bailey   | Reached XP level 10. HP: 63/63 MP: 9/17
  7515 | Bailey   | Noticed Prince Ribbit
  7515 | Bailey   | Noticed a vault guard
  7535 | Bailey   | Killed a vault guard
  7536 | Bailey   | Reached skill level 5 in Spellcasting
  7550 | Bailey   | Killed Prince Ribbit
  7551 | Bailey   | Reached skill level 5 in Ice Magic
  7594 | Bailey   | Noticed a vault guard
  7599 | Bailey   | Reached skill level 9 in Hexes
  7713 | Bailey   | Killed a vault guard
  7817 | D:8      | Noticed a two-headed ogre
  7826 | D:8      | Killed a two-headed ogre
  7827 | D:8      | Reached skill level 8 in Short Blades
  7896 | D:8      | Reached skill level 7 in Stealth
  8695 | D:9      | Found a staircase to the Lair.
  8795 | D:9      | Reached *** piety under Dithmenos
  8873 | D:9      | Gained mutation: You are mostly covered in razor-sharp
                  | scales. (AC +2, Slay +2) [demonic ancestry]
  8873 | D:9      | Reached XP level 11. HP: 66/68 MP: 17/19
  9455 | D:9      | Acquired a book of Misfortune
  9456 | D:9      | You pick up a book of Misfortune and begin reading...
  9456 | D:9      | You add the spells Inner Flame, Yara's Violent Unravelling
                  | and Enfeeble to your library.
  9465 | D:9      | Learned a level 7 spell: Enfeeble
  9468 | D:9      | Learned a level 2 spell: Blink
  9511 | D:10     | Entered Level 10 of the Dungeon
  9529 | D:10     | Noticed Urug
  9543 | D:10     | Killed Urug
  9544 | D:10     | Reached skill level 2 in Dodging
  9910 | D:10     | Reached skill level 1 in Invocations
  9922 | D:10     | Reached skill level 10 in Hexes
 10029 | D:10     | Found Caiseg's Elemental Accessories.
 10046 | D:10     | Reached skill level 1 in Fighting
 10046 | D:10     | Reached skill level 6 in Spellcasting
 10048 | D:10     | Noticed a two-headed ogre
 10058 | D:10     | Killed a two-headed ogre
 10180 | D:10     | Reached skill level 2 in Invocations
 10190 | D:10     | Reached skill level 9 in Short Blades
 10624 | D:11     | You pick up a book of Lightning and begin reading...
 10624 | D:11     | You add the spells Vhi's Electric Charge, Arcjolt and
                  | Plasma Beam to your library.
 10924 | D:11     | Reached skill level 2 in Fighting
 10926 | D:11     | Reached **** piety under Dithmenos
 11028 | D:11     | Reached skill level 3 in Invocations
 11094 | D:11     | Reached skill level 3 in Dodging
 11311 | D:11     | Found a runed translucent gate.
 11312 | D:11     | Found a runed translucent gate.
 11312 | D:11     | Found an opulent altar of Gozag.
 11437 | D:11     | Found a runed translucent gate.
 11452 | D:11     | Noticed an eight-headed hydra
 11453 | D:11     | Noticed morax's ghost (journeyman GrFi)
 11470 | D:11     | Noticed Amaemon
 11488 | D:11     | Killed Amaemon
 11652 | D:11     | Noticed Erica
 11673 | D:11     | Killed Erica
 11674 | D:11     | Reached skill level 3 in Fighting
 11674 | D:11     | Reached skill level 8 in Stealth
 11796 | D:11     | Found a staircase to the Orcish Mines.
 11803 | D:11     | Reached skill level 4 in Invocations
 11814 | D:11     | Reached XP level 12. HP: 57/81 MP: 15/21
 12215 | Lair:1   | Entered Level 1 of the Lair of Beasts
 12363 | Lair:1   | Reached skill level 11 in Hexes
 12432 | Lair:1   | You pick up a book of Lightning and begin reading...
 12567 | Lair:1   | You pick up a book of the Tundra and begin reading...
 12567 | Lair:1   | You add the spells Hailstorm, Summon Ice Beast and
                  | Simulacrum to your library.
 12572 | Lair:1   | Identified the +3 leather armour "Ovucull" {-Cast Rampage
                  | Fly Regen+}
 12793 | Lair:1   | Reached ***** piety under Dithmenos
 12842 | Lair:1   | Reached skill level 10 in Short Blades
 12948 | Lair:1   | Reached skill level 4 in Dodging
 13165 | Lair:1   | Reached skill level 5 in Invocations
 13173 | Lair:1   | Reached skill level 4 in Fighting
 13178 | Lair:1   | Reached skill level 7 in Spellcasting
 13624 | Lair:2   | Noticed a death yak
 13625 | Lair:2   | Noticed a death yak
 13725 | Lair:2   | Noticed a death yak
 13732 | Lair:2   | Noticed a death yak
 13761 | Lair:2   | Killed a death yak
 14199 | Lair:2   | HP: 15/84 [blink frog (8)]
 14494 | Lair:2   | Reached skill level 6 in Invocations
 15166 | Lair:2   | Killed a death yak
 15190 | Lair:2   | Killed a death yak
 15191 | Lair:2   | Reached XP level 13. HP: 32/90 MP: 9/24
 15195 | Lair:2   | HP: 10/90 [death yak (14)]
 15197 | Lair:2   | Mangled by a death yak

Vanquished Creatures
  2 vault guards (Bailey)
  2 two-headed ogres
  Erica (D:11)
  3 death yaks (Lair:2)
  Urug (D:10)
  Amaemon (D:11)
  A manticore (D:11)
  A black mamba (Lair:2)
  3 elephants (Lair:2)
  A torpor snail (Lair:1)
  3 cane toads
  An orange demon (D:11)
  A rime drake (Lair:2)
  An unseen horror (D:11)
  10 komodo dragons (Lair:1)
  3 yaktaurs (D:11)
  3 blink frogs (Lair:2)
  3 trolls
  Grinder (D:5)
  Prince Ribbit (Bailey)
  26 yaks
  4 wyverns
  A basilisk (Lair:2)
  8 humans (Bailey)
  3 steam dragons
  3 water moccasins
  5 orc warriors
  A sky beast (D:7)
  An ice beast (D:8)
  2 black bears (D:6)
  6 ogres
  8 wolves
  3 centaurs
  6 kobold brigands
  Blork the orc (D:5)
  2 phantoms
  8 bullfrogs
  5 scorpions
  9 killer bees
  3 electric eels
  6 howler monkeys
  3 jellies
  6 hounds
  10 orc priests
  A gnoll bouda (D:5)
  4 sleepcaps
  Jessica (D:3)
  15 iguanas
  7 hell rats (Lair:2)
  10 orc wizards
  8 adders
  10 gnolls
  3 white imps
  3 worms
  2 dart slugs
  44 orcs
  9 ball pythons
  2 bat skeletons (D:2)
  A bat zombie (D:2)
  6 endoplasms
  4 giant cockroaches
  16 goblins
  10 hobgoblins
  6 jackals
  21 kobolds
  2 quokkas
  A ball python zombie (D:2)
  2 bats
  20 frilled lizards
  A jackal skeleton (D:2)
  7 rats
389 creatures vanquished.

Vanquished Creatures (others)
  An orc (D:11)
1 creature vanquished.

Grand Total: 390 creatures vanquished

Table legend:
 A = Non-vault XP
 B = Vault XP
 C = Vault XP percentage of total XP
 D = Non-vault monster count
 E = Vault monster count
 F = Vault count percentage of total count
                 A         B        C        D         E       F
            +---------+---------+-------+---------+---------+-------
      Total |   22048 |   16264 |  42.5 |     279 |     110 |  28.3
            +---------+---------+-------+---------+---------+-------
        D:1 |      48 |       0 |   0.0 |      29 |       0 |   0.0
        D:2 |      66 |       8 |  10.8 |      21 |       5 |  19.2
        D:3 |     129 |      79 |  38.0 |      19 |       3 |  13.6
        D:4 |     491 |       0 |   0.0 |      26 |       0 |   0.0
        D:5 |     890 |     366 |  29.1 |      17 |       2 |  10.5
        D:6 |     891 |       0 |   0.0 |      18 |       0 |   0.0
        D:7 |     579 |       0 |   0.0 |      11 |       0 |   0.0
        D:8 |    2307 |      65 |   2.7 |      36 |      12 |  25.0
        D:9 |     764 |     624 |  45.0 |      15 |       6 |  28.6
       D:10 |    3293 |     787 |  19.3 |      26 |       1 |   3.7
       D:11 |    4072 |    3315 |  44.9 |      18 |      20 |  52.6
     Lair:1 |    5326 |    2704 |  33.7 |      22 |      33 |  60.0
     Lair:2 |    3192 |    4317 |  57.5 |      21 |       7 |  25.0
     Bailey |       0 |    3999 | 100.0 |       0 |      21 | 100.0
            +---------+---------+-------+---------+---------+-------

Skill      XL: |  1  2  3  4  5  6  7  8  9 10 11 12 |
---------------+-------------------------------------+-----
Short Blades   | 1 2 3 4 6 7 8 9 10 | 10.6
Stealth        | 3 4 5 6 7 8 |  8.8
Hexes          | 4 5 6 7 8 9 10 11 | 11.9
Ice Magic      | 1 2 3 4 5 |  5.6
Spellcasting   | 3 4 5 6 7 |  7.3
Dodging        | 3 4 |  4.6
Invocations    | 4 6 |  6.1
Fighting       | 3 4 |  4.8

Action                     |  1- 3 |  4- 6 |  7- 9 | 10-12 | 13-15 || total
---------------------------+-------+-------+-------+-------+-------++-------
  Melee: Dagger            |   140 |   153 |   200 |   601 |     5 ||  1099
         Punch             |     1 |     3 |       |     8 |       ||    12
         Headbutt          |       |     8 |    45 |   134 |     1 ||   188
   Cast: Ensorcelled Hiber |    11 |    29 |    44 |   146 |       ||   230
         Confusing Touch   |       |       |    10 |    12 |     1 ||    23
         Dazzling Flash    |       |       |       |     3 |       ||     3
  Evoke: Wand              |       |       |       |     6 |       ||     6
    Use: Scroll            |     2 |     6 |     8 |    13 |       ||    29
         Potion            |       |     2 |       |     2 |       ||     4
   Stab: Sleeping          |    15 |    19 |    43 |    71 |       ||   148
         Paralysed         |     7 |    10 |    20 |    52 |       ||    89
         Invisible         |       |     2 |       |    10 |       ||    12
         Confused          |       |       |     8 |     7 |     1 ||    16
         Distracted        |       |       |       |     1 |       ||     1
 Armour: Robe              |    61 |   103 |    93 |   106 |       ||   363
         Steam dragon scal |       |       |       |   192 |     3 ||   195
  Dodge: Dodged            |    78 |    88 |   101 |   312 |     1 ||   580

Illustrated notes

Table legend:
 A = Kills in this place as a percentage of kills in the entire game.
 B = Kills by you in this place as a percentage of kills by you in the entire game.
 C = Kills by friends in this place as a percentage of kills by friends in the entire game.
 D = Other kills in this place as a percentage of other kills in the entire game.
 E = Experience gained in this place as a percentage of experience gained in the entire game.
 F = Experience gained in this place divided by the number of levels of this place that you have seen.
                   A       B       C       D       E      F
               +-------+-------+-------+-------+-------+----------------------
         Total | 100.0 | 100.0 |   N/A | 100.0 | 100.0 | 2554.1
       Dungeon |  73.3 |  73.3 |   N/A |  66.7 |  49.0 | 1706.7
          Lair |  21.3 |  21.2 |   N/A |  33.3 |  40.6 | 7769.5
        Bailey |   5.4 |   5.4 |   N/A |   0.0 |  10.4 | 3999.0
               +-------+-------+-------+-------+-------+----------------------

Table legend: (Time is in decaauts)
 A = Elapsed time spent in this place.
 B = Non-inter-level travel time spent in this place.
 C = Inter-level travel time spent in this place.
 D = Time resting spent in this place.
 E = Time spent auto-exploring this place.
 F = Levels seen in this place.
 G = Mean time per level.
                   A        B        C        D        E       F      G
               +--------+--------+--------+--------+--------+-----+--------+
         Total |  14886 |  14297 |    589 |   1500 |   9976 |  15 |  992.4 |
       Dungeon |  11273 |  10802 |    471 |    556 |   8208 |  11 | 1024.8 |
        Temple |     28 |     28 |      0 |      0 |     16 |   1 |   28.0 |
          Lair |   2876 |   2759 |    117 |    715 |   1487 |   2 | 1438.0 |
        Bailey |    707 |    707 |      0 |    229 |    264 |   1 |  707.0 |
               +--------+--------+--------+--------+--------+-----+--------+

Top non-repeatable levels by time:
  Lair:1: 1705 daAuts
    D:11: 1493 daAuts
     D:4: 1440 daAuts
  Lair:2: 1170 daAuts
     D:5: 1118 daAuts
    D:10: 1092 daAuts
     D:3: 1066 daAuts
     D:1: 1002 daAuts
     D:8: 994 daAuts
     D:7: 929 daAuts
     D:9: 871 daAuts
  Bailey: 707 daAuts
     D:6: 649 daAuts
     D:2: 615 daAuts
  Temple: 28 daAuts
